AoeStats
← mats931

Hill Fort

505089872Analyzed
2v2 RM · 23d ago on Sep 7, 2026· 77m 23s· 4 players
Game mode
Random Map
Map size
Medium (4 player)
Population
200
Speed
Normal
Resources
Standard
Victory
Conquest
Starting age
Dark Age
Ending age
Imperial Age
RankedLock teamsTeams togetherTeam positionsShared explorationLock speedFull tech treeHidden civsTurbo modeCheats
Victory
Defeat
🇺🇸 Armenians · United States
973
+15
🇧🇷 Cumans · Brazil
920
+17
🇩🇪 Teutons · Germany
943
-16
🇩🇪 Saracens · Germany
943
-16
mats931
0:26 Loom
11:59 Feudal Age
13:45 Wheelbarrow
13:22 Double-Bit Axe
16:19 Fletching
19:07 Forging
18:58 Padded Archer Armor
25:53 Castle Age
26:01 Crossbowman
26:49 Thumb Ring
28:03 Leather Archer Armor
29:52 Hand Cart
29:23 Town Watch
34:47 Gold Mining
34:41 Horse Collar
40:04 Town Patrol
42:59 Imperial Age
41:38 Caravan
42:09 Coinage
43:21 Bodkin Arrow
44:01 Iron Casting
43:31 Scale Barding Armor
44:08 Conscription
44:21 Bracer
47:10 Husbandry
47:58 Chain Barding Armor
48:38 Blast Furnace
48:09 Ring Archer Armor
48:01 Stone Mining
48:46 Gold Shaft Mining
47:54 Elite Mameluke
48:57 Arbalester
54:31 Ballistics
56:49 Chemistry
67:57 Bow Saw
67:49 Heavy Plow
Schokoladeneis
0:26 Loom
12:44 Feudal Age
12:56 Man-at-Arms
14:19 Wheelbarrow
17:08 Forging
17:52 Scale Mail Armor
23:27 Double-Bit Axe
23:25 Horse Collar
26:15 Castle Age
31:59 Hand Cart
33:16 Pikeman
33:57 Squires
35:01 Iron Casting
35:39 Bow Saw
40:37 Heavy Plow
41:45 Gold Mining
42:28 Chain Mail Armor
42:19 Stone Mining
49:54 Imperial Age
50:04 Cavalier
55:41 Scale Barding Armor
56:49 Blast Furnace
57:33 Chain Barding Armor
63:50 Halberdier
66:48 Plate Mail Armor
68:44 Two-Man Saw
69:31 Caravan
Lord_Devil
3:24 Loom
11:26 Feudal Age
12:25 Man-at-Arms
15:02 Long Swordsman
17:47 Horse Collar
19:23 Wheelbarrow
18:59 Scale Mail Armor
20:14 Fletching
25:19 Castle Age
26:24 Squires
30:26 Heavy Plow
30:36 Pikeman
35:32 Double-Bit Axe
35:15 Two-Handed Swordsman
38:05 Padded Archer Armor
38:11 Gold Mining
41:52 Hand Cart
41:55 Town Watch
43:33 Leather Archer Armor
51:58 Imperial Age
49:53 Forging
50:35 Gambesons
51:51 Bow Saw
52:17 Gold Shaft Mining
52:46 Champion
56:20 Chain Mail Armor
56:54 Halberdier
57:35 Stone Mining
59:09 Plate Mail Armor
59:12 Conscription
63:01 Iron Casting
66:58 Fereters
73:38 Blast Furnace
Will Rossi
10:49 Feudal Age
11:22 Double-Bit Axe
13:11 Horse Collar
13:48 Loom
21:10 Castle Age
19:53 Bloodlines
22:33 Forging
25:47 Steppe Husbandry
31:30 Iron Casting
32:36 Scale Barding Armor
34:02 Chain Barding Armor
36:24 Heavy Plow
41:52 Imperial Age
41:53 Elite Steppe Lancer
43:04 Murder Holes
44:33 Blast Furnace
47:00 Chemistry
61:22 Plate Barding Armor
Connection lost

Rejoining the realm…

Still unreachable

The connection could not be restored.

Session expired

The server has moved on; the page needs a fresh start.